Map: Kairos Junction LE

Players

Spy - Winner!

  • Race: Zerg Zerg
  • League: Master
  • Spawn Location: 5:00

UpATree

  • Race: Terran Terran
  • League: Master
  • Spawn Location: 11:00

VOD

Have the link to the VOD?

Description

This is the Gas Pool Hatch Banebust in ZvT.

Time

  • Played on: Aug. 17, 2019, 7:55 a.m.
  • Length: 5:57
Show
View Real Time Build Order
Export as new Build Order

Spy Zerg - Winner!

Build Orders: Pool First, Zergling Baneling 

Get SALT Encoding   

  12  0:01  Drone  
  13  0:12  Overlord  
  13  0:17  Drone  
  14  0:31  Drone x2  
  14  0:35  Drone  
  17  0:44  Extractor  
  17  0:46  Drone  
  17  0:51  Spawning Pool  
  17  0:56  Drone  
  17  1:16  Hatchery  
  16  1:20  Drone  
  17  1:38  Zergling x4  
  17  1:39  Zergling x2  
  20  1:43  Queen  
  22  1:49  Metabolic Boost  
  22  1:58  Overlord  
  22  2:12  Baneling Nest  
  21  2:22  Zergling x6  
  23  2:37  Zergling x4  
  25  2:45  Zergling x4  
  27  3:14  Zergling x10  
  27  3:15  Zergling x2  
  33  3:25  Baneling x5  
  33  3:26  Zergling x4, Baneling x2  
  35  3:27  Baneling  
  35  3:28  Baneling  
  35  3:30  Zergling x2  
  31  4:06  Zergling x2  
  31  4:07  Zergling x8  
  34  4:11  Zergling x2  
  34  4:12  Overlord  
  34  4:18  Zergling x2  
  35  4:26  Baneling x6  
  35  4:31  Zergling x8  
  36  4:56  Baneling x3  
  36  4:59  Baneling  
  33  5:00  Zergling x2  
  33  5:01  Zergling x8  
  36  5:23  Baneling x2  
  36  5:26  Baneling  
  36  5:30  Drone  
  36  5:31  Drone x5  
Show
View Real Time Build Order
Export as new Build Order

UpATree Terran 

Build Orders: 2 Factory, Cyclone Opening, Gas First Reaper Expand 

Get SALT Encoding   

  12  0:00  SCV  
  13  0:13  SCV  
  14  0:18  Supply Depot  
  14  0:25  SCV  
  15  0:29  Refinery  
  15  0:40  SCV  
  16  0:45  Barracks  
  16  0:52  SCV  
  17  1:04  SCV  
  18  1:16  SCV  
  19  1:32  Reaper, Orbital Command  
  20  1:47  Command Center  
  20  1:58  SCV  
  21  2:04  Factory  
  21  2:10  SCV  
  21  2:11  Refinery  
  22  2:20  Supply Depot  
  22  2:22  SCV  
  23  2:23  Barracks Tech Lab  
  23  2:42  SCV  
  24  2:48  Factory  
  24  2:54  SCV  
  24  2:55  Cyclone  
  28  3:00  Orbital Command  
  28  3:04  Barracks Reactor  
  28  3:06  SCV  
  29  3:18  SCV  
  29  3:26  SCV  
  30  3:27  Hellion, Supply Depot  
  30  3:30  SCV  
  30  3:32  Hellion  
  35  3:38  SCV  
  36  3:42  SCV  
  37  3:49  Supply Depot x2  
  37  3:50  SCV  
  37  3:52  Hellion  
  37  3:53  Hellion  
  29  4:12  SCV  
  20  4:24  SCV  
  21  4:36  SCV  
  22  4:39  Hellion x2  
  22  4:40  Engineering Bay  
  22  4:42  Engineering Bay  
  26  4:48  SCV  
  27  4:58  Orbital Command  
  28  5:11  Hellion  
  28  5:12  Hellion  
  31  5:21  SCV  
  32  5:24  SCV  
  33  5:33  SCV  
  34  5:36  SCV  
Tags
 
Add a new tag
Caveats
  • Supply blocks, unpowered buildings, or Contaminate may cause inaccurate times.
  • Supply counts are checked every 10 seconds.